 Dungeon Crawl Stone Soup version 0.29.1-13-g9f3cf754e1 (webtiles) character file.

Game seed: 17874860482949199678

488 Exodus22XD the Chopper (level 6, 0/56 HPs)
             Began as a Minotaur Fighter on Feb 5, 2023.
             Slain by a gnoll
             ... wielding a +0 spear
              (2 damage)
             ... on level 3 of the Dungeon.
             The game lasted 00:03:07 (2475 turns).

Exodus22XD the Chopper (Minotaur Fighter)           Turns: 2475, Time: 00:03:07

Health: 0/56       AC: 14    Str: 22    XL:     6   Next: 90%
Magic:  5/5        EV:  6    Int:  5    God:
Gold:   197        SH:  4    Dex: 10    Spells: 5/5 levels left

rFire   . . .      SeeInvis .   a - +0 war axe
rCold   . . .      Faith    .   c - +0 buckler
rNeg    + . .      Spirit   .   e - +2 plate armour {rN+}
rPois   .          Reflect  .   (helmet restricted)
rElec   .          Harm     .   (no cloak)
rCorr   .          Rampage  .   (no gloves)
Will    .....                   (no boots)
Stlth   ..........              (no amulet)
HPRegen 0.18/turn               (no ring)
MPRegen 0.09/turn               (no ring)

@: no status effects
A: horns 2, retaliatory headbutt
a: no special abilities


You were on level 3 of the Dungeon.
You visited 1 branch of the dungeon, and saw 3 of its levels.

You collected 197 gold pieces.

Inventory:

Hand Weapons
 a - a +0 war axe (weapon)
Missiles
 k - a throwing net (quivered)
Armour
 c - a +0 buckler (worn)
 e - a +2 plate armour of positive energy (worn)
Wands
 i - a wand of light (17)
Scrolls
 b - a scroll of enchant armour {unknown}
 g - 2 scrolls of identify {unknown}
 j - a scroll of fear {unknown}
 l - 2 scrolls of teleportation {unknown}
 n - a scroll of vulnerability {unknown}
Potions
 d - a potion of might
 f - 2 potions of curing {unknown}
 h - a potion of heal wounds {unknown}
 m - a potion of haste {unknown}


   Skills:
 + Level 5.2 Fighting
 + Level 6.1 Axes
 + Level 5.7 Armour
 + Level 4.7 Shields


You had 5 spell levels left.
You didn't know any spells.
Your spell library was empty.

Dungeon Overview and Level Annotations

Branches:
Dungeon (3/15)

Altars:
Vehumet


Innate Abilities, Weirdness & Mutations

You have a pair of horns on your head.
You reflexively headbutt those who attack you in melee.


Message History

You are too injured to fight recklessly!
The bat hits you but does no damage.
You are too injured to fight recklessly!
You are too injured to fight recklessly!
You block the bat's attack.
You are too injured to fight recklessly!
The bat hits you but does no damage.
You are too injured to fight recklessly!
You block the bat's attack.
You are too injured to fight recklessly!
You are too injured to fight recklessly!
The bat hits you but does no damage.
You are too injured to fight recklessly!
You are too injured to fight recklessly!
The bat completely misses you.
You hit the bat.
You kill the bat!
A gnoll is nearby!
No reachable target in view!
A gnoll is nearby!
No reachable target in view!
No reachable target in view!
The gnoll is engulfed in blazing flames.
The gnoll dies!
A gnoll comes into view.
It is wielding a +0 spear and carrying a wand of light (7).
The gnoll shouts! x2
The gnoll zaps a wand.
The bolt of light hits you!
The gnoll zaps a wand.
The bolt of light hits you. The gnoll hits you but does no damage.
The gnoll hits you but does no damage.
The gnoll zaps a wand.
The bolt of light hits you!
* * * LOW HITPOINT WARNING * * *
You closely miss the gnoll. The gnoll hits you with a +0 spear.
* * * LOW HITPOINT WARNING * * *
The gnoll barely misses you.
You slash the gnoll! Your headbutt misses the gnoll.
The gnoll is heavily wounded.
The gnoll hits you but does no damage.
The gnoll hits you from afar with a +0 spear.
You die...

######...#...........
#....................
#.......##...........
.######.).....##...........
......))...................
.##....)..†....####........
...........)....#####......
....>............# #......
..........@......# ..##...
..........g......# .# #..>
........g........# #.#.
......☼☼☼☼.....).# #....
.....)._.......##... #....
.##..†.○..........# .....#
##...☼.....###........##
#..##...<...........##. ..
##.#.........#.....


You could see 2 gnolls.

Vanquished Creatures
  Grinder (D:3)
  Pargi (D:2)
  Ijyb (D:2)
  Natasha (twice) (D:2)
  5 gnolls
  3 adders
  2 worms
  A dart slug (D:2)
  2 orcs (D:3)
  6 bats
  5 endoplasms
  6 hobgoblins
  2 jackals (D:2)
  2 kobolds
  3 quokkas
  7 ball pythons
  A frilled lizard (D:2)
  5 goblins
  6 rats
  A bush (D:1)
62 creatures vanquished.

Vanquished Creatures (others)
  A gnoll (D:3)
  A ball python (D:3)
  2 plants (D:1)
4 creatures vanquished.

Grand Total: 66 creatures vanquished

Notes
Turn   | Place    | Note
-------+----------+-------------------------------------------
     0 | D:1      | Exodus22XD the Minotaur Fighter began the quest for the
                  | Orb.
     0 | D:1      | Reached XP level 1. HP: 19/19 MP: 0/0
   237 | D:1      | Reached XP level 2. HP: 27/27 MP: 1/1
   575 | D:1      | Reached XP level 3. HP: 33/33 MP: 2/2
   582 | D:1      | You fall into a shaft and drop 1 floor!
  1128 | D:2      | Reached skill level 3 in Axes
  1354 | D:2      | Noticed Natasha
  1363 | D:2      | Killed Natasha
  1364 | D:2      | Reached XP level 4. HP: 32/41 MP: 3/3
  1617 | D:3      | Found a radiant altar of Vehumet.
  1628 | D:3      | Noticed Pargi
  1631 | D:3      | Noticed Grinder
  1639 | D:2      | Killed Pargi
  1640 | D:2      | Reached skill level 4 in Axes
  1640 | D:2      | Reached XP level 5. HP: 35/47 MP: 4/4
  1925 | D:2      | Noticed Natasha
  1929 | D:2      | Killed Natasha
  1930 | D:2      | Reached skill level 5 in Armour
  2004 | D:3      | Paralysed by Grinder for 4 turns
  2008 | D:3      | Noticed Ijyb
  2020 | D:2      | Killed Ijyb
  2106 | D:3      | Paralysed by Grinder for 2 turns
  2117 | D:3      | Killed Grinder
  2118 | D:3      | Reached skill level 5 in Fighting
  2118 | D:3      | Reached skill level 5 in Axes
  2118 | D:3      | Reached XP level 6. HP: 35/56 MP: 5/5
  2323 | D:3      | Reached skill level 6 in Axes
  2474 | D:3      | HP: 2/56 [gnoll/+0 spear (4)]
  2475 | D:3      | Slain by a gnoll

Illustrated notes

Levels and vault maps discovered:
D:1:      dpeg_arrival_simpleton_c, layout_rooms, serial_forest,
          infiniplex_forest_lined_room_3, infiniplex_forest_end_3,
          infiniplex_forest_clump_double, infiniplex_forest_straight_3,
          infiniplex_forest_end_double, infiniplex_forest_clump_small,
          infiniplex_forest_clump_tiny, infiniplex_forest_lined_room_2
D:2:      layout_loops_ring, minmay_misc_feat_more_columns,
          columned_hall_lemuel, minivault_27, uniq_natasha
D:3:      layout_rooms, fiery_altar_vehumet, uniq_grinder, uniq_pargi, uniq_ijyb

Skill      XL: |  1  2  3  4  5  6 |
---------------+-------------------+-----
Fighting       | 4 5 |  5.2
Armour         | 4 5 |  5.7
Shields        | 4 |  4.7
Axes           | 3 4 5 6 |  6.1

Action                   |  1- 3 |  4- 6 || total
-------------------------+-------+-------++-------
Melee: War axe           |   105 |    92 ||   197
       Headbutt          |    15 |    13 ||    28
Armor: Plate armour      |    43 |    98 ||   141
       Scale mail        |     1 |       ||     1
Dodge: Dodged            |    23 |    42 ||    65
Block: Buckler           |    20 |    32 ||    52
